 Dungeon Crawl Stone Soup version 0.28-a0-863-g8cecda6153 (webtiles) character file.

Game seed: 14641173459510812312

724 AvatarAndi78 the Chopper (level 7, -2/55 HPs)
             Began as a Demonspawn Abyssal Knight on Nov 18, 2021.
             Was a Believer of Lugonu.
             Slain by a gnoll (6 damage)
             ... on level 5 of the Dungeon.
             The game lasted 00:10:37 (5153 turns).

AvatarAndi78 the Chopper (DsAK)                     Turns: 5153, Time: 00:10:38

Health: -2/55      AC:  7    Str: 14    XL:     7   Next: 43%
Magic:  7/9        EV: 11    Int: 14    God:    Lugonu [**....]
Gold:   298        SH:  0    Dex: 13    Spells: 2/6 levels left

rFire   + . .      SeeInvis .   m - +4 long sword of Bankruptcy {vorpal, +Blink rF+ rC++ Dex-2}
rCold   + + .      Faith    .   (no shield)
rNeg    . . .      Spirit   .   i - +2 ring mail "Laddyf" {Int+3}
rPois   .          Reflect  .   (helmet restricted)
rElec   .          Harm     .   (no cloak)
rCorr   .          Rampage  .   (no gloves)
Will    .....                   (no boots)
Stlth   +.........              (no amulet)
HPRegen 0.18/turn               (no ring)
MPRegen 0.11/turn               (no ring)

@: lethally poisoned (-2 -> -26), very slightly contaminated
A: antennae 1, spiny 1, weakness stinger 1, demonic touch 1
a: Renounce Religion, Evoke Blink, Depart the Abyss, Bend Space


You were on level 5 of the Dungeon.
You worshipped Lugonu.
Lugonu was pleased with you.
You visited 1 branch of the dungeon, and saw 5 of its levels.
You visited the Abyss 1 time.

You collected 298 gold pieces.

Inventory:

Hand Weapons
 a - a +1 hand axe
 m - the +4 long sword of Bankruptcy (weapon) {vorpal, +Blink rF+ rC++ Dex-2}
   (You found it on level 5 of the Dungeon)

   It inflicts extra damage upon your enemies.
   Dex:       It affects your dexterity (-2).
   rF:        It protects you from fire.
   rC:        It greatly protects you from cold.
   +Blink:    It lets you blink.
Armour
 b - a +0 leather armour
 i - the +2 ring mail "Laddyf" (worn) {Int+3}
   (You found it on level 4 of the Dungeon)

   Int:       It affects your intelligence (+3).
Jewellery
 j - a +4 ring of protection
 n - a ring of willpower
Scrolls
 e - a scroll of identify {unknown}
 f - a scroll of enchant weapon {unknown}
 h - a scroll of enchant armour {unknown}
 k - a scroll of fog {unknown}
Potions
 c - a potion of invisibility
 d - a potion of cancellation {unknown}
 g - a potion of heal wounds {unknown}
 l - a potion of flight {unknown}


   Skills:
 + Level 4.6 Fighting
 + Level 0.1 Long Blades
 + Level 5.1 Axes
 + Level 3.7 Armour
 + Level 2.3 Dodging
 + Level 1.0 Stealth
 + Level 0.3 Spellcasting
 + Level 1.0 Summonings
 + Level 2.8 Invocations


You had 2 spell levels left.
You knew the following spells:

 Your Spells              Type           Power      Damage    Failure   Level
a - Summon Small Mammal   Summ           12%        N/A       34%         1
b - Blink                 Tloc           0%         N/A       63%         2
c - Beastly Appendage     Tmut           0%         N/A       50%         1

Your spell library contained the following spells:

 Spells                   Type           Power      Damage    Failure   Level
 Scorch                   Fire           0%         2d5       63%         2
 Wereblood                Tmut           0%         N/A       63%         2
 Call Canine Familiar     Summ           3%         N/A       71%         3
 Summon Guardian Golem    Hex/Summ       1%         N/A       78%         3
 Lesser Beckoning         Tloc           0%         N/A       86%         3
 Spider Form              Tmut/Pois      0%         N/A       86%         3
 Tukima's Dance           Hex            0%         N/A       86%         3
 Flame Wave               Conj/Fire      0%         3d3       99%         4
 Passage of Golubria      Tloc           0%         N/A       99%         4
 Petrify                  Tmut/Erth      0%         N/A       99%         4
 Manifold Assault         Tloc           0%         N/A       100%        5
 Metabolic Englaciation   Hex/Ice        0%         N/A       100%        5
 Yara's Violent Unravell  Hex/Tmut       0%         3d3       100%        5
 Statue Form              Tmut/Erth      0%         N/A       100%        6
 Summon Cactus Giant      Summ           1%         N/A       100%        6


Dungeon Overview and Level Annotations

Branches:
Dungeon (5/15)
 Temple: D:4-7

Altars:
Hepliaklqana
Xom


Innate Abilities, Weirdness & Mutations

You have a pair of small antennae on your head.
You are partially covered in sharp spines.
You have a small tail.
Your touch may inflict minor irresistible damage on your foes.


Message History

Your bat barely misses the gnoll.
You closely miss the gnoll.
You touch the gnoll.
The gnoll is moderately wounded.
Your bat hits the gnoll but does no damage. x2
Your bat hits the gnoll.
The gnoll hits you from afar with a +1 spear of venom.
The gnoll hits you with a +0 spear! The gnoll misses your bat.
Your bat hits the gnoll but does no damage.
An orc priest comes into view. It is wielding a +0 flail.
You hit the gnoll.
The gnoll is almost dead.
Your bat hits the gnoll.
Your bat hits the gnoll but does no damage.
Your bat barely misses the gnoll.
The gnoll hits you from afar with a +1 spear of venom.
You are poisoned.
The gnoll barely misses you.
The gnoll hits your bat with a +0 spear.
Your bat dies!
Your bat's corpse disappears in a puff of smoke!
The gnoll barely misses you. The gnoll closely misses you.
The gnoll is struck by your spines.
You kill the gnoll!
Lugonu accepts your kill.
You feel very sick.
The gnoll hits you with a +1 spear of venom.
* * * LOW HITPOINT WARNING * * *
You are lethally poisoned!
The jelly is struck by your spines. The jelly hits you but does no damage.
The gnoll is struck by your spines. The gnoll closely misses you.
You see here a +0 spear.
You barely miss the gnoll.
The gnoll is moderately wounded.
* * * LOW HITPOINT WARNING * * *
You feel very sick.
The gnoll hits you with a +1 spear of venom.
* * * LOW HITPOINT WARNING * * *
You are more poisoned.
The jelly hits you but does no damage. The gnoll hits you with a +0 spear.
You die...

.#.#.#.#. .#.#.#.#.
#...#...# ... ...
...#... #.#.#.# .
#.#.#.# ... ##
#)#.#!####....#
#.###.#...#.@Joo...#
#...##...#.ggo.....
#....#...#####....#
#.....#.## ...#
####.#....#.# ..#
...###...#.# .#
#.######.## #
#.......## #.##....#


You could see a jelly, an orc priest, 2 gnolls and 2 orcs.

Vanquished Creatures
  Grinder (D:3)
  An ogre (D:5)
  A phantom (D:4)
  A scorpion (D:5)
  A howler monkey (D:5)
  A jelly (D:4)
  A hound (D:4)
  An iguana (D:4)
  A hound zombie (D:5)
  A hound skeleton (D:4)
  Robin (D:2)
  A gnoll (D:5)
  7 adders
  2 worms
  4 orcs
  4 bats
  5 endoplasms
  2 giant cockroaches
  14 goblins
  5 hobgoblins
  6 jackals
  8 kobolds
  5 quokkas
  6 ball pythons
  3 frilled lizards
  A rat (D:2)
84 creatures vanquished.

Notes
Turn   | Place    | Note
-------+----------+-------------------------------------------
     0 | Abyss:1  | AvatarAndi78 the Demonspawn Abyssal Knight began the quest
                  | for the Orb.
     0 | Abyss:1  | Reached XP level 1. HP: 18/18 MP: 2/2
    68 | Abyss:1  | Noticed a small abomination
    82 | Abyss:2  | Noticed a small abomination
   100 | D:1      | Escaped the Abyss
   137 | D:1      | Reached * piety under Lugonu
   140 | D:1      | Reached skill level 2 in Axes
   250 | D:1      | Discovered your monstrous ancestry.
   250 | D:1      | Gained mutation: Your touch may inflict minor irresistible
                  | damage on your foes. [demonic ancestry]
   250 | D:1      | Reached XP level 2. HP: 22/24 MP: 4/4
   484 | D:1      | Reached skill level 1 in Dodging
  1006 | D:1      | Gained mutation: You have a small tail. [demonic ancestry]
  1006 | D:1      | Reached XP level 3. HP: 20/29 MP: 5/5
  1104 | D:1      | Found a faded altar of an unknown god.
  1448 | D:2      | Noticed Robin
  1470 | D:2      | Reached ** piety under Lugonu
  1474 | D:2      | Killed Robin
  1475 | D:2      | Gained mutation: You have a pair of small antennae on your
                  | head. [demonic ancestry]
  1475 | D:2      | Reached XP level 4. HP: 4/36 MP: 6/6
  2152 | D:3      | Learned a level 1 spell: Summon Small Mammal
  2610 | D:3      | Noticed Grinder
  2612 | D:3      | Paralysed by Grinder for 3 turns
  2636 | D:3      | Killed Grinder
  2637 | D:3      | Reached skill level 3 in Axes
  2637 | D:3      | Gained mutation: You are partially covered in sharp spines.
                  | [demonic ancestry]
  2637 | D:3      | Reached XP level 5. HP: 19/42 MP: 7/7
  2637 | D:3      | Reached XP level 6. HP: 22/48 MP: 8/8
  3104 | D:3      | Reached skill level 4 in Axes
  3656 | D:4      | Learned a level 2 spell: Blink
  3658 | D:4      | Learned a level 1 spell: Beastly Appendage
  3659 | D:4      | Identified the +2 ring mail "Laddyf" {Int+3}
  3922 | D:4      | Reached skill level 1 in Summonings
  4476 | D:5      | Entered Level 5 of the Dungeon
  4506 | D:5      | Reached XP level 7. HP: 54/54 MP: 9/9
  4529 | D:5      | Identified the +4 long sword of Bankruptcy {vorpal, +Blink
                  | rF+ rC++ Dex-2}
  4877 | D:5      | Reached skill level 1 in Stealth
  4998 | D:5      | Found a shimmering altar of Xom.
  4999 | D:5      | Found a hazy altar of Hepliaklqana.
  5000 | D:5      | Noticed a spectral ugly thing
  5132 | D:5      | Reached skill level 5 in Axes
  5153 | D:5      | Slain by a gnoll

Illustrated notes

Levels and vault maps discovered:
D:1:      psy_arrival_terrarium, layout_rooms,
          hellmonk_ecumenical_altar_run_dry, minivault_27
D:2:      layout_loops_ring, uniq_robin
D:3:      layout_rooms, dk_noncrumbling_4, uniq_grinder
D:4:      layout_basic
D:5:      nicolae_BIG_FREAKIN_CUBE, layout_basic,
          regret_index_temple_of_mockery, overflow_temple_1_default, uniq_edmund

Skill      XL: |  1  2  3  4  5  6  7 |
---------------+----------------------+-----
Axes           | 2 3 4 5 |  5.1
Armour         | 2 3 |  3.7
Dodging        | 1 2 |  2.3
Fighting       | 4 |  4.6
Summonings     | 1 |  1.0
Stealth        | 1 |  1.0
Long Blades    | |  0.1
Spellcasting   | |  0.3
Invocations    | |  2.8

Action                   |  1- 3 |  4- 6 |  7- 9 || total
-------------------------+-------+-------+-------++-------
Melee: Hand axe          |    95 |    92 |    12 ||   199
       Touch             |     8 |    25 |     2 ||    35
       Tailslap          |     7 |    16 |     3 ||    26
       Long sword        |       |       |    10 ||    10
 Cast: Summon Small Mamm |       |     2 |     1 ||     3
Invok: Depart the Abyss  |     1 |       |       ||     1
  Use: Potion            |       |     1 |     1 ||     2
Armor: Leather armour    |    31 |    13 |       ||    44
       Ring mail         |       |    11 |     9 ||    20
Dodge: Dodged            |    73 |    45 |    18 ||   136

Table legend: (Time is in decaauts)
 A = Elapsed time spent in this place.
 B = Non-inter-level travel time spent in this place.
 C = Inter-level travel time spent in this place.
 D = Time resting spent in this place.
 E = Time spent auto-exploring this place.
 F = Levels seen in this place.
 G = Mean time per level.
                   A        B        C        D        E       F      G
               +--------+--------+--------+--------+--------+-----+--------+
         Total |   5184 |   5016 |    168 |      0 |   4376 |   7 |  740.6 |
       Dungeon |   5084 |   4916 |    168 |      0 |   4307 |   5 | 1016.8 |
         Abyss |     99 |     99 |      0 |      0 |     69 |   2 |   49.5 |
               +--------+--------+--------+--------+--------+-----+--------+

Top non-repeatable levels by time:
     D:4: 1279 daAuts
     D:1: 1123 daAuts
     D:3: 1081 daAuts
     D:2: 919 daAuts
     D:5: 680 daAuts
 Abyss:1: 77 daAuts
 Abyss:2: 22 daAuts
